 Dungeon Crawl Stone Soup version 0.29-a0-364-g921d912d32 (webtiles) character file.

Game seed: 9550755186946312478

5 spaghetti the Slasher (level 1, 13/13 HPs)
             Began as a Deep Elf Berserker on Apr 30, 2022.
             Was a Follower of Trog.
             Quit the game on level 1 of the Dungeon on May 1, 2022.
             The game lasted 00:00:36 (251 turns).

spaghetti the Slasher (Deep Elf Berserker)           Turns: 251, Time: 00:00:37

Health: 13/13      AC:  2    Str: 14    XL:     1   Next: 66%
Magic:  3/3        EV: 12    Int: 11    God:    Trog [*.....]
Gold:   0          SH:  0    Dex: 14    Spells: 0/0 levels left

rFire   . . .      SeeInvis .   a - +0 falchion {long}
rCold   . . .      Faith    .   (no shield)
rNeg    . . .      Spirit   .   b - +0 animal skin
rPois   .          Reflect  .   (no helmet)
rElec   .          Harm     .   (no cloak)
rCorr   .          Rampage  .   (no gloves)
Will    .....                   (no boots)
Stlth   +.........              (no amulet)
HPRegen 0.04/turn               (no ring)
MPRegen 0.08/turn               (no ring)

@: no status effects
A: no striking features
a: Renounce Religion, Berserk


You were on level 1 of the Dungeon.
You worshipped Trog.
Trog was aware of your devotion.
You visited 1 branch of the dungeon, and saw 1 of its levels.


   Skills:
 + Level 2.6 Fighting
 + Level 2.9 Long Blades
 - Level 1.5 Armour
 - Level 2.4 Dodging


You couldn't memorise any spells.
You didn't know any spells.
Your spell library was empty.

Inventory:

Hand Weapons
 a - a +0 falchion (weapon) {long}
Missiles
 e - 39 stones (quivered) {throwing}
Armour
 b - a +0 animal skin (worn)
Scrolls
 c - a scroll of enchant weapon {unknown}
 d - 2 scrolls of teleportation {unknown}
Potions
 f - a potion of haste {unknown}

Dungeon Overview and Level Annotations

Branches:
Dungeon (1/15)

Altars:

Shops:
D:1

[ # ♣♣♣♣
###.## ...♣
#..>. PP.♣
#.#.# ≈P.♣
#..8# ≈P.♣
#...# ≈P.♣
#@# PP.♣
#########.#
...♣
#.........#
♣♣♣♣
#.#########
#.# #.# #.#
##.# #..#


There were no monsters in sight!


Message History

🤖 Initializing magus.rc ...
Options error: Delay interrupt name "hungry" not recognised. (~/.crawlrc:4761) Options error: Bad monster_list_colour key: strict_neutral (~/.crawlrc:4776) Bad channel name for runrest: 'pray:' ✅ Successfully initialized magus.rc [v1.9.6] Welcome, spaghetti the Deep Elf Berserker.
It is said that the Orb of Zot exists deep within this dungeon.
Trog says: Kill them all!
Press ? for a list of commands and other information.
Found three items.
Found a staircase leading out of the dungeon.
c - a scroll labelled XENIF BISUCRE
d - a scroll labelled ENAUDIJUOMU
e - 20 stones {throwing}
Found a shiny orb.
Found Ugger's Armour Shop.
No target in view!
There is an entrance to Ugger's Armour Shop here.
You can access your shopping list by pressing '$'.
Found a stone staircase leading down.
You see here an orb of light.
d - 2 scrolls labelled ENAUDIJUOMU (gained 1)
e - 39 stones {throwing} (gained 19) Key pressed, stopping explore.
f - a smoky sapphire potion 3 jackals come into view.
Found an escape hatch in the floor.
There are monsters nearby!
There are monsters nearby!
There are monsters nearby!
There are monsters nearby!
The helpless jackal fails to defend itself.
You hit the jackal. The jackal bites you. 😕 HP[-1]
You take 1 damage, and now have 12/13 hp.
You closely miss the jackal.
The jackal barks!
The jackal barely misses you. The jackal bites you.
A jackal comes into view. 😮 HP[-3]
You take 3 damage, and now have 9/13 hp.
MASSIVE DAMAGE!! (PAUSE)
A red film seems to cover your vision as you go berserk!
You feel yourself moving faster!
You feel mighty!
The jackal bites you but does no damage. 😮 HP[+5]
You now have 19 max hp (+6).
You regained 5 hp, and now have 14/19 hp.
You slash the jackal!
You kill the jackal!
Trog accepts your kill.
You closely miss the jackal. The jackal bites you. 😮 HP[-3]
You take 3 damage, and now have 11/19 hp.
You hit the jackal. The jackal bites you. 😮 HP[-1]
You take 1 damage, and now have 10/19 hp.
You completely miss the jackal. The jackal bites you.
* * * LOW HITPOINT WARNING * * *
😨 HP[-1]
You take 1 damage, and now have 9/19 hp.
You closely miss the jackal. The jackal misses you.
You slash the jackal!
You kill the jackal!
Trog accepts your kill.
You hit the jackal. You closely miss the jackal. You slash the jackal!
You kill the jackal!
Trog accepts your kill.
You closely miss the jackal.
The jackal bites you but does no damage.
The jackal completely misses you.
You slash the jackal!
You kill the jackal!
Trog accepts your kill.
You start resting.
You feel a strong urge to attack something.
You are no longer berserk.
You are exhausted.
You feel yourself slow down. 😨 HP[-3]
You now have 13 max hp (-6).
Unknown command.
Unknown command.
You start resting.
You feel yourself speed up. 😮 HP[+2]
You regained 2 hp, and now have 8/13 hp.
Key pressed, stopping explore.
Key pressed, stopping explore.
You recover from your berserk rage.
Key pressed, stopping explore.
Things that are here:
a jackal corpse; a jackal corpse; 😎 HP[+5]
Your hp is fully restored (13).
Are you sure you want to abandon this character and quit the game? (Confirm with "yes".)

Action                   || total
-------------------------++-------
Melee: Falchion          ||    13
Invok: Berserk           ||     1
 Stab: Sleeping          ||     1
Armor: Animal skin       ||     2
Dodge: Dodged            ||     3

Levels and vault maps discovered:
D:1:      tarquinn_simple_flora_water_a, layout_loops_ring, serial_shops, shop,
          shop_statue, shop

Notes
Turn   | Place    | Note
-------+----------+-------------------------------------------
     0 | D:1      | spaghetti the Deep Elf Berserker began the quest for the
                  | Orb.
     0 | D:1      | Reached XP level 1. HP: 13/13 MP: 3/3
     0 | D:1      | magus.rc [v1.9.6]
    15 | D:1      | Found Ugger's Armour Shop.
   251 | D:1      | Quit the game

Vanquished Creatures
  4 jackals (D:1)
4 creatures vanquished.

Table legend:
 A = Non-vault XP
 B = Vault XP
 C = Vault XP percentage of total XP
 D = Non-vault monster count
 E = Vault monster count
 F = Vault count percentage of total count
                 A         B        C        D         E       F
            +---------+---------+-------+---------+---------+-------
      Total |       8 |       0 |   0.0 |       4 |       0 |   0.0
            +---------+---------+-------+---------+---------+-------
        D:1 |       8 |       0 |   0.0 |       4 |       0 |   0.0
            +---------+---------+-------+---------+---------+-------

Illustrated notes

Table legend:
 A = Kills in this place as a percentage of kills in entire the game.
 B = Kills by you in this place as a percentage of kills by you in the entire game.
 C = Kills by friends in this place as a percentage of kills by friends in the entire game.
 D = Other kills in this place as a percentage of other kills in the entire game.
 E = Experience gained in this place as a percentage of experience gained in the entire game.
 F = Experience gained in this place divided by the number of levels of this place that you have seen.
                   A       B       C       D       E      F
               +-------+-------+-------+-------+-------+----------------------
         Total | 100.0 | 100.0 |   N/A |   N/A | 100.0 |   8.0
       Dungeon | 100.0 | 100.0 |   N/A |   N/A | 100.0 |   8.0
               +-------+-------+-------+-------+-------+----------------------

Table legend: (Time is in decaauts)
 A = Elapsed time spent in this place.
 B = Non-inter-level travel time spent in this place.
 C = Inter-level travel time spent in this place.
 D = Time resting spent in this place.
 E = Time spent auto-exploring this place.
 F = Levels seen in this place.
 G = Mean time per level.
                   A        B        C        D        E       F      G
               +--------+--------+--------+--------+--------+-----+--------+
         Total |    261 |    261 |      0 |     43 |    194 |   1 |  261.0 |
       Dungeon |    261 |    261 |      0 |     43 |    194 |   1 |  261.0 |
               +--------+--------+--------+--------+--------+-----+--------+

Top non-repeatable levels by time:
     D:1: 261 daAuts
